 Dungeon Crawl Stone Soup version 0.22-a0-305-gd21a89c (webtiles) character file.

32 matakusis the Caller (level 3, -3/19 HPs)
             Began as a Deep Elf Summoner on Mar 31, 2018.
             Killed by divine providence
             ... invoked by an orc priest
              (16 damage)
             ... on level 3 of the Dungeon.
             The game lasted 00:08:53 (1650 turns).

matakusis the Caller (Deep Elf Summoner)            Turns: 1650, Time: 00:08:53

Health: -3/19      AC:  4    Str:  5    XL:     3   Next: 10%
Magic:  2/10       EV: 13    Int: 20    God:
Gold:   130        SH:  0    Dex: 15    Spells: 6/9 levels left

rFire    . . .     SeeInvis .   (no weapon)
rCold    . . .     Gourm    +   (no shield)
rNeg     . . .     Faith    .   b - +1 robe
rPois    .         Spirit   .   (no helmet)
rElec    .         Reflect  .   f - +0 cloak
rCorr    .         Harm     .   (no gloves)
MR       .....                  (no boots)
Stlth    ++........             h - amulet of the gourmand
HPRegen  0.06/turn              (no ring)
MPRegen  0.12/turn              (no ring)

@: no status effects
A: no striking features
a: no special abilities


You were on level 3 of the Dungeon.
You were not hungry.

You visited 1 branch of the dungeon, and saw 3 of its levels.

You collected 130 gold pieces.

Inventory:

Armour
 b - a +1 robe (worn)
 f - a +0 cloak (worn)
Jewellery
 h - an amulet of the gourmand (around neck)
Wands
 e - a wand of disintegration (12)
Scrolls
 a - a scroll of identify
Potions
 d - a potion of agility
 g - a potion of invisibility
 j - a potion of ambrosia {unknown}
 k - 2 potions of curing
Comestibles
 c - 5 rations


   Skills:
 + Level 2.4 Dodging
 - Level 2.4 Stealth
 + Level 3.5 Spellcasting
 * Level 5.3 Summonings


You had 6 spell levels left.
You knew the following spells:

 Your Spells              Type           Power        Failure   Level  Hunger
a - Summon Small Mammal   Summ           ###.         1%          1    None
b - Call Imp              Summ           ###.....     2%          2    ##.....


Dungeon Overview and Level Annotations

Branches:
Dungeon (3/15)

Altars:


Message History

What are your orders? t - Shout!
Orders for allies: a - Attack new target. p - Attack previous target. r - Retreat! s - Stop attacking. g - Guard the area. f - Follow me.
Anything else - Cancel.
Gang up on whom?
Press: ? - help, Dir - move target cursor, f - orc priest, p - orc
Aim: an orc priest, wielding a dagger of speed Attack!
The orc priest hits you with a dagger of speed. x2
Unknown command.
You completely miss the orc priest.
Your crimson imp misses the orc priest.
Your shadow imp hits the orc priest.
The orc priest hits you with a dagger of speed.
The orc barely misses your shadow imp.
Your shadow imp hits the orc priest.
The orc priest calls down the wrath of Beogh upon you.
Beogh smites you!
Ouch! That really hurt!
You die...

....... .. .... ..... .. ....#
#...# #. ... # #...# #o ......
#...# #o##.##..#### #...#
#.5.........##### ##...###
##o#5..#..... ..#
#......###.5.......#.# #.#
######.#.##.##.#@#...##.#.###.###
.......#.##.#.##>....##.#........
.####..#..........#........##.###
....#..####.#..............##.#
.##......##.#.......###.......#
.##.#...............# #########
....#.##.####.......# ......##.#
##.....## ....####.# ##...##


You could see an orc priest, 2 orcs, a friendly crimson imp, a friendly white
imp and a friendly shadow imp.

Vanquished Creatures (collateral kills)
  An adder (D:3)
  A dart slug (D:3)
  A leopard gecko (D:3)
  A ball python (D:1)
  3 giant cockroaches
  10 hobgoblins
  7 bats
  2 frilled lizards (D:2)
  6 goblins
  A kobold (D:1)
  6 rats
39 creatures vanquished.

Notes
Turn   | Place    | Note
-------+----------+-------------------------------------------
     0 | D:1      | matakusis the Deep Elf Summoner began the quest for the Orb.
     0 | D:1      | Reached XP level 1. HP: 10/10 MP: 6/6
   278 | D:1      | Reached XP level 2. HP: 15/15 MP: 4/8
   312 | D:1      | Reached skill level 5 in Summonings
   424 | D:1      | Learned a level 2 spell: Call Imp
  1557 | D:3      | Reached XP level 3. HP: 19/19 MP: 1/10
  1650 | D:3      | Killed from afar by an orc priest

Vault maps used:
D:1:      minmay_arrival_cross, roderic_roman_lattice, minmay_pentomino_v4
D:3:      nemelex_spade_bored_becter, uniq_sigmund

Skill      XL: |  1  2 |
---------------+-------+-----
Summonings     | 5 |  5.3
Dodging        | |  2.4
Stealth        | |  2.4
Spellcasting   | |  3.5

Action                   || total
-------------------------++-------
Melee: Unarmed           ||     5
 Cast: Summon Small Mamm ||    26
       Call Imp          ||    25
  Use: Scroll            ||    10
       Potion            ||     1
  Eat: Chunk             ||     9
Armor: Robe              ||     8
Dodge: Dodged            ||    19

Table legend:
 A = Spawn XP
 B = Non-spawn XP
 C = Spawn XP percentage of total XP
 D = Spawn monster count
 E = Non-spawn monster count
 F = Spawn count percentage of total count
 G = Total turns spent on level
                    A         B        C        D         E        F      G
               +---------+---------+-------+---------+---------+-------+---------
         Total |       0 |      47 |   0.0 |       0 |      39 |   0.0 |  1650
               +---------+---------+-------+---------+---------+-------+---------
           D:1 |       0 |      23 |   0.0 |       0 |      23 |   0.0 |   630
           D:2 |       0 |       8 |   0.0 |       0 |       8 |   0.0 |   747
           D:3 |       0 |      16 |   0.0 |       0 |       8 |   0.0 |   273
               +---------+---------+-------+---------+---------+-------+---------
